 Dungeon Crawl Stone Soup version 0.31-a0-162-gc4c5a43528 (webtiles) character file.

Game seed: 16715641523003599111

168 qw the Shooter (level 5, -10/32 HPs)
             Began as a Gargoyle Hunter on June 12, 2023.
             Killed by divine providence
             ... invoked by an orc priest
              (12 damage)
             ... on level 3 of the Dungeon.
             The game lasted 00:01:05 (1895 turns).

qw the Shooter (Gargoyle Hunter)                    Turns: 1895, Time: 00:01:05

Health: -10/32     AC: 10    Str: 14    XL:     5   Next: 49%
Magic:  5/5        EV: 10    Int: 10    God:
Gold:   102        SH:  0    Dex: 15    Spells: 4/4 levels left

rFire   . . .        Y - +0 shortbow
rCold   . . .        (shield currently unavailable)
rNeg    + . .        f - +0 ring mail
rPois   inf          (no helmet)
rElec   +            (no cloak)
rCorr   .            i - +0 pair of gloves
SInv    .            (no boots)
Will    .....        (no amulet)
Stlth   +            (no ring)
HPRegen 0.25/turn    (no ring)
MPRegen 0.09/turn

%: no passive effects
@: no status effects
A: sickness immunity, AC +4, negative energy resistance 1, electricity
resistance, torment resistance 1, petrification resistance
a: no special abilities


You were on level 3 of the Dungeon.
You visited 1 branch of the dungeon, and saw 3 of its levels.

You collected 102 gold pieces.


Innate Abilities, Weirdness & Mutations

You are immune to sickness and miasma.
Your stone body is resilient. (AC +4)
You are immune to poison.
You resist negative energy. (rN+)
You are resistant to electric shocks. (rElec)
You are resistant to unholy torment.
You are immune to petrification.


   Skills:
 + Level 3.3 Fighting
 - Level 6.0 Ranged Weapons
 - Level 1.0 Armour
 - Level 1.5 Dodging
 - Level 1.1 Stealth


You had 4 spell levels left.
You didn't know any spells.
Your spell library was empty.

Inventory:

Hand Weapons
 Y - a +0 shortbow (weapon)
Armour
 b - a +0 helmet
 f - a +0 ring mail (worn)
 i - a +0 pair of gloves (worn)
Potions
 a - a potion of brilliance {unknown}
 c - a potion of resistance {unknown}
 d - a potion of curing
 e - a potion of attraction {unknown}
 j - 2 potions of lignification
 l - a potion of cancellation {unknown}

Dungeon Overview and Level Annotations

Branches:
Dungeon (3/15)

Altars:


Message History

The giant cockroach bites you but does no damage.
You shoot an arrow.
The arrow closely misses the giant cockroach.
The orc priest calls down the wrath of Beogh upon you.
Beogh smites you!
The giant cockroach bites you but does no damage.
You shoot an arrow.
The arrow closely misses the giant cockroach.
The giant cockroach bites you but does no damage.
The orc hits you with a +0 hand axe.
The giant cockroach bites you but does no damage.
The orc barely misses you.
You shoot an arrow. The arrow hits the giant cockroach.
You kill the giant cockroach!
The orc hits you but does no damage.
The orc priest mumbles some strange prayers to Beogh against you.
Beogh smites you!
You shoot an arrow. The arrow hits the orc.
The orc is moderately wounded.
You shoot an arrow. The arrow hits the orc.
The orc is almost dead.
The orc barely misses you.
You shoot an arrow. The arrow barely misses the orc.
The orc hits you with a +0 falchion. The orc barely misses you.
You shoot an arrow. The arrow closely misses the orc.
The orc hits you but does no damage. The orc barely misses you.
A kobold comes into view. It is wielding a +0 whip of pain.
The orc priest begins to cast a cantrip, but forgets the words!
The orc hits you but does no damage. The orc closely misses you.
You shoot an arrow. The kobold shouts!
The arrow hits the orc but does no damage.
The orc is almost dead.
The orc hits you but does no damage. x2
You shoot an arrow. The arrow hits the orc.
You kill the orc!
The orc barely misses you.
The orc priest invokes the aid of Beogh against you.
Beogh smites you!
You die...

#.....## #....777~.77.
#.###..####%....7P~77..
#.#.##..........7~.77..
#.##.#...#.........####
#..##..............# #
#....)##..............
##...#.##.............
##..##.#.............
##.@###.............
#.)oo).............
#K#####.###........ %..
. .#.. #.### # ....##.
....... .......


You could see an orc priest, an orc and a kobold.

Vanquished Creatures
  An orc priest (D:3)
  5 adders
  A worm (D:3)
  2 dart slugs (D:1)
  8 orcs (D:3)
  5 ball pythons
  6 bats
  6 endoplasms
  6 giant cockroaches
  5 goblins
  6 hobgoblins
  4 jackals
  2 quokkas (D:1)
  5 frilled lizards
  7 kobolds
  10 rats
79 creatures vanquished.

Notes
Turn   | Place    | Note
-------+----------+-------------------------------------------
     0 | D:1      | qw the Gargoyle Hunter began the quest for the Orb.
     0 | D:1      | Reached XP level 1. HP: 12/12 MP: 1/1
     0 | D:1      | 0 ||| qw: Version: 0.2-a-29-gc1b59c4
     0 | D:1      | 0 ||| qw: Game counter: 4410
     0 | D:1      | 0 ||| qw: Always use a shield: true
     0 | D:1      | 0 ||| qw: God list: Okawaru
     0 | D:1      | 0 ||| qw: Allow faded altars: false
     0 | D:1      | 0 ||| qw: Do Orc after D:15 true
     0 | D:1      | 0 ||| qw: Do second Lair branch before Depths: true
     0 | D:1      | 0 ||| qw: Lair rune preference: random
     0 | D:1      | 0 ||| qw: Plans: Normal, Zot:1-4, Slime:5, God:TSO, Crypt,
                  | Tomb, Abyss, Pan, Hells, Win
     0 | D:1      | 0 ||| PLANNING D:1-11
   191 | D:1      | Reached XP level 2. HP: 17/17 MP: 2/2
   556 | D:1      | Reached XP level 3. HP: 21/21 MP: 3/3
   562 | D:1      | Reached skill level 5 in Ranged Weapons
   580 | D:1      | HP: 5/22 [jackal (3)]
   940 | D:1      | 940 ||| UPGRADING to +0 ring mail.
   950 | D:1      | 950 ||| DROPPING +0 leather armour.
   951 | D:1      | 951 ||| UPGRADING to +0 pair of gloves.
   956 | D:1      | 956 ||| READING scroll labelled UZEDAZI GUDUF.
   957 | D:1      | 957 ||| READING scroll labelled SAPEMPU ANUT.
   973 | D:1      | 973 ||| READING scroll labelled IHUISUKHOSUB.
   974 | D:1      | 974 ||| READING scroll labelled BOICSAMIJOY.
   975 | D:1      | 975 ||| READING scroll labelled YJIECE NOIHAEN.
   976 | D:1      | 976 ||| DRINKING 2 sedimented puce potions.
   977 | D:1      | 977 ||| DROPPING scroll of butterflies.
  1093 | D:2      | Reached skill level 1 in Armour
  1204 | D:2      | Found a faded altar of an unknown god.
  1230 | D:2      | Reached XP level 4. HP: 27/27 MP: 4/4
  1262 | D:2      | Reached skill level 3 in Fighting
  1307 | D:2      | 1307 ||| READING scroll labelled YHUDEAC LAZAZE.
  1308 | D:2      | 1308 ||| READING scroll labelled IJIROD TIQA.
  1409 | D:2      | 1409 ||| DRINKING 3 fuming golden potions.
  1662 | D:3      | 1662 ||| FLEEEEING.
  1663 | D:3      | 1663 ||| FLEEEEING.
  1664 | D:3      | 1664 ||| FLEEEEING.
  1665 | D:3      | 1665 ||| FLEEEEING.
  1671 | D:3      | 1671 ||| FLEEEEING.
  1672 | D:3      | 1672 ||| STAIRDANCE
  1716 | D:3      | Reached XP level 5. HP: 21/32 MP: 5/5
  1849 | D:3      | Reached skill level 6 in Ranged Weapons
  1889 | D:3      | HP: 5/32 [orc priest/divine providence (11)]
  1892 | D:3      | HP: 1/32 [orc/+0 falchion (5)]
  1895 | D:3      | Killed from afar by an orc priest

Levels and vault maps discovered:
D:1:      saegor_arrival_simple_e, layout_loops_corners, kennysheep_boxes
D:2:      layout_rooms, shapermc_ecumenical_altar_hornbeckon
D:3:      layout_rooms, nicolae_overflow_crystal_walls, serial_bayou,
          serial_bayou_crossing, serial_bayou_pond_d, serial_bayou_pond_b,
          serial_bayou_ford_a, st_stairs_13, minmay_bisected

Skill      XL: |  1  2  3  4  5 |
---------------+----------------+-----
Ranged Weapons | 5 6 |  6.0
Armour         | 1 |  1.0
Fighting       | 3 |  3.3
Dodging        | |  1.5
Stealth        | |  1.1

Action                     |  1- 3 |  4- 6 || total
---------------------------+-------+-------++-------
   Fire: Shortbow          |   152 |   121 ||   273
    Use: Scroll            |     5 |     2 ||     7
         Potion            |     1 |     1 ||     2
 Armour: Leather armour    |    40 |       ||    40
         Ring mail         |     2 |    45 ||    47
  Dodge: Dodged            |    67 |    40 ||   107

Table legend:
 A = Non-vault XP
 B = Vault XP
 C = Vault XP percentage of total XP
 D = Non-vault monster count
 E = Vault monster count
 F = Vault count percentage of total count
                 A         B        C        D         E       F
            +---------+---------+-------+---------+---------+-------
      Total |     209 |      35 |  14.3 |      72 |       7 |   8.9
            +---------+---------+-------+---------+---------+-------
        D:1 |      65 |       0 |   0.0 |      37 |       0 |   0.0
        D:2 |      35 |       0 |   0.0 |      14 |       0 |   0.0
        D:3 |     109 |      35 |  24.3 |      21 |       7 |  25.0
            +---------+---------+-------+---------+---------+-------
